 Dungeon Crawl Stone Soup version 0.29.1-12-g30fa7ad0bf (webtiles) character file.

Game seed: 9565667540112491801

152 Alitron123 the Trooper (level 5, -2/48 HPs)
             Began as a Draconian Transmuter on Jan 13, 2023.
             Was an Initiate of Nemelex Xobeh.
             Slain by an adder (3 damage)
             ... on level 3 of the Dungeon.
             The game lasted 00:17:17 (1855 turns).

Alitron123 the Trooper (Draconian Transmuter)       Turns: 1855, Time: 00:17:18

Health: -2/48      AC:  5    Str: 14    XL:     5   Next: 11%
Magic:  10/10      EV:  9    Int: 14    God:    Nemelex Xobeh [......]
Gold:   209        SH:  0    Dex: 11    Spells: 10/11 levels left

rFire   + . .      SeeInvis +   s - staff of earth
rCold   x . .      Faith    .   (no shield)
rNeg    . . .      Spirit   .   (body armour unavailable)
rPois   .          Reflect  .   (helmet restricted)
rElec   .          Harm     .   (no cloak)
rCorr   .          Rampage  .   (no gloves)
Will    .....                   (no boots)
Stlth   ++........              (no amulet)
HPRegen 0.16/turn               l - ring of see invisible
MPRegen 0.12/turn               q - ring of fire

@: lethally poisoned (-2 -> -7), about to teleport, constricted
A: AC +5, unfitting armour, cold-blooded
a: Renounce Religion, Draw Escape, Draw Destruction, Draw Summoning


You were on level 3 of the Dungeon.
You worshipped Nemelex Xobeh.
Nemelex Xobeh was noncommittal.
You visited 1 branch of the dungeon, and saw 3 of its levels.

You collected 209 gold pieces.

Inventory:

Hand Weapons
 c - a +0 dagger
 d - a +0 short sword
 g - a +0 short sword
 h - a +0 mace
 p - a +0 sling
 r - a +1 vorpal long sword
Armour
 f - a +0 robe
 j - a +0 plate armour
 n - a +1 scale mail
 o - a +0 ring mail
Magical Staves
 s - a staff of earth (weapon)
Jewellery
 l - a ring of see invisible (left hand)
 m - a ring of flight
 q - a ring of fire (right hand)
Scrolls
 e - 2 scrolls of teleportation
 i - a scroll of amnesia {unknown}
 t - a scroll of poison
Potions
 a - 2 potions of lignification
 b - a potion of degeneration
 k - 2 potions of cancellation


   Skills:
 + Level 5.0 Fighting
 + Level 3.0 Short Blades
 + Level 0.6 Maces & Flails
 + Level 3.5 Dodging
 + Level 2.8 Stealth
 + Level 4.6 Unarmed Combat
 + Level 3.7 Spellcasting
 + Level 4.0 Transmutations


You had 10 spell levels left.
You knew the following spells:

 Your Spells              Type           Power      Damage    Failure   Level
a - Beastly Appendage     Tmut           28%        N/A       3%          1

Your spell library contained the following spells:

 Spells                   Type           Power      Damage    Failure   Level
 Wereblood                Tmut           14%        N/A       5%          2
 Magic Dart               Conj           8%         1d3       21%         1
 Spider Form              Tmut/Pois      8%         N/A       26%         3
 Call Imp                 Summ           2%         N/A       30%         2
 Mephitic Cloud           Conj/Pois/Air  2%         N/A       52%         3
 Ice Form                 Ice/Tmut       8%         N/A       65%         4


Dungeon Overview and Level Annotations

Branches:
Dungeon (3/15)

Altars:
Nemelex Xobeh

Annotations:
D:3 Natasha


Innate Abilities, Weirdness & Mutations

Your plain brown scales are hard. (AC +5)
You cannot fit into any form of body armour.
You are cold-blooded and may be slowed by cold attacks.


Message History

The ball python bites you but does no damage.
The ball python grabs you. The ball python constricts you.
The adder bites you but does no damage.
Natasha drinks a potion.
Natasha is healed!
The crimson imp hits you but does no damage.
The ball python bites you. The ball python constricts you.
The adder bites you but does no damage.
You barely miss Natasha. The crimson imp closely misses you.
Natasha closely misses you. The adder barely misses you.
The ball python bites you but does no damage.
The ball python constricts you. The iron imp hits you.
You hit Natasha but do no damage.
Your tail-slap misses Natasha.
The adder closely misses you.
The ball python bites you but does no damage.
The ball python constricts you. Natasha claws you. The crimson imp misses you.
The adder misses you.
The ball python bites you but does no damage.
The ball python constricts you.
As you read the scroll of teleportation, it crumbles to dust.
You feel strangely unstable. The crimson imp hits you.
Natasha barely misses you. The iron imp barely misses you.
The adder barely misses you. The ball python bites you.
The ball python constricts you.
You hit Natasha.
Natasha is lightly wounded.
The adder bites you.
* * * LOW HITPOINT WARNING * * *
You are poisoned.
The adder poisons you! Natasha claws you but does no damage.
The crimson imp grins evilly.
The crimson imp hits you but does no damage.
The iron imp hits you!
* * * LOW HITPOINT WARNING * * *
The ball python bites you.
* * * LOW HITPOINT WARNING * * *
The ball python constricts you.
The crimson imp hits you but does no damage.
The adder bites you.
You die...
Your body disappears without a glow.

#.#...###).....# ####.##
#..#(#.# #.# #..#...#
#.# #..##..# ##'##
#..##..#
##...###......##. .
####.....##.........
#...#.SS.....)#####..###
#....h@5......####...##
##..#5........'........
#.. ##........####...##
#. ......<.## #...##
..#.....## #.#..
#####...## #...## #'##
##### .#


You could see an iron imp (summoned), Natasha, a crimson imp (summoned), an
adder and a ball python.

Vanquished Creatures
  Jessica (D:3)
  Natasha (D:3)
  2 adders
  A dart slug (D:1)
  9 ball pythons
  2 bats (D:1)
  2 endoplasms (D:1)
  2 giant cockroaches
  3 goblins (D:1)
  4 hobgoblins
  2 kobolds (D:1)
  4 quokkas
  2 frilled lizards
  6 rats
41 creatures vanquished.

Notes
Turn   | Place    | Note
-------+----------+-------------------------------------------
     0 | D:1      | Alitron123 the Draconian Transmuter began the quest for the
                  | Orb.
     0 | D:1      | Reached XP level 1. HP: 16/16 MP: 3/3
    89 | D:1      | Reached XP level 2. HP: 10/23 MP: 5/5
   463 | D:1      | Reached skill level 5 in Fighting
   463 | D:1      | Reached XP level 3. HP: 11/36 MP: 6/8
   521 | D:1      | Reached XP level 4. HP: 22/42 MP: 9/9
  1409 | D:3      | Found a sparkling altar of Nemelex Xobeh.
  1409 | D:3      | Noticed Jessica
  1417 | D:3      | Killed Jessica
  1441 | D:3      | Became a worshipper of Nemelex Xobeh the Trickster
  1485 | D:3      | Noticed Natasha
  1491 | D:3      | Killed Natasha
  1492 | D:3      | Reached XP level 5. HP: 22/48 MP: 10/10
  1839 | D:3      | Noticed Natasha
  1855 | D:3      | HP: 1/48 [ball python (3)]
  1855 | D:3      | Slain by an adder

Illustrated notes

Levels and vault maps discovered:
D:1:      nzn_arrival_crosshair, layout_rooms, serial_curves, eino_curves_03,
          eino_curves_02
D:2:      layout_loops_ring
D:3:      layout_loops_corners, mainiacjoe_overflow_surrounded_room,
          vehumet_statue, nicolae_ecumenical_snake_handling, goddamned_bats,
          uniq_natasha, uniq_jessica

Skill      XL: |  1  2  3  4 |
---------------+-------------+-----
Fighting       | 5 |  5.0
Short Blades   | 2 3 |  3.0
Dodging        | 3 |  3.5
Stealth        | 2 |  2.8
Unarmed Combat | 4 |  4.6
Spellcasting   | 3 |  3.7
Transmutations | 4 |  4.0
Maces & Flails | |  0.6

Action                   |  1- 3 |  4- 6 || total
-------------------------+-------+-------++-------
Melee: Dagger            |    33 |       ||    33
       Unarmed           |     6 |       ||     6
       Tailslap          |     8 |     6 ||    14
       Mace              |    31 |    15 ||    46
       Punch             |     1 |     2 ||     3
       Long sword        |       |    25 ||    25
       Kick              |       |     1 ||     1
       Headbutt          |       |     1 ||     1
       Staff             |       |    26 ||    26
 Cast: Beastly Appendage |       |     1 ||     1
  Use: Potion            |     2 |       ||     2
       Scroll            |       |     9 ||     9
 Stab: Sleeping          |       |     1 ||     1
Armor: Skin              |    26 |    32 ||    58
Dodge: Dodged            |    46 |    56 ||   102
